 Dungeon Crawl Stone Soup version 0.21-a0-400-g417d9d2 (webtiles) character file.

40212 Moloch the Severer (level 13, -1/109 HPs)
             Began as a Mummy Fighter on Oct 20, 2017.
             Was the Champion of Okawaru.
             Slain by an eight-headed hydra (9 damage)
             ... on level 5 of the Lair of Beasts.
             The game lasted 00:45:53 (19688 turns).

Moloch the Severer (Mummy Fighter)                 Turns: 19688, Time: 00:45:54

Health: -1/109     AC: 13    Str: 22    XL:     13   Next: 73%
Magic:  16/16      EV: 11    Int:  7    God:    Okawaru [******]
Gold:   966        SH: 10    Dex: 21    Spells: 10/12 levels left

rFire    x . .     SeeInvis +   k - +0 morningstar
rCold    + . .     Gourm    .   c - +0 shield
rNeg     + + +     Faith    .   B - +2 troll leather armour {Snorg}
rPois    ∞         Spirit   .   q - +0 helmet {SInv}
rElec    .         Reflect  .   d - +1 cloak of the Rabble {MR+ Regen+ Dex+3}
rCorr    .         Harm     .   w - +0 pair of gloves of the Four Tales {Str+2}
MR       +++..                  b - +1 pair of boots {Stlth+}
Stlth    +++.......             (no amulet)
HPRegen  1.08/turn              z - ring of protection from magic
MPRegen  0.15/turn              y - +2 ring of dexterity

@: no status effects
A: no food or potions, fire vulnerability, cold resistance 1, negative energy
resistance 3, torment resistance, unbreathing, in touch with death 1
a: Heroism, Finesse, Renounce Religion


You were on level 5 of the Lair of Beasts.
You worshipped Okawaru.
Okawaru was exalted by your worship.
You were not hungry.

You visited 4 branches of the dungeon, and saw 20 of its levels.
You also visited: Ossuary.

You collected 1147 gold pieces.
You spent 181 gold pieces at shops.

Inventory:

Hand Weapons
 e - a +5 battleaxe of freezing
 k - a +0 morningstar (weapon)
 o - a +1 antimagic hand axe
 E - a +3 broad axe of chopping
Missiles
 m - 3 silver javelins
 C - 9 javelins (quivered)
Armour
 b - a +1 pair of boots of stealth (worn)
 c - a +0 shield (worn)
 d - the +1 cloak of the Rabble (worn) {MR+ Regen+ Dex+3}
   (Okawaru gifted it to you on level 2 of the Lair of Beasts)

   It affects your dexterity (+3).
   It affects your resistance to hostile enchantments.
   It increases your rate of regeneration.
 q - a +0 helmet of see invisible (worn)
 w - the +0 pair of gloves of the Four Tales (worn) {Str+2}
   (You acquired it on level 1 of the Lair of Beasts)

   It affects your strength (+2).
 B - a +2 troll leather armour (worn) {Snorg}
Jewellery
 l - an uncursed ring of protection from cold
 r - the ring "Pusaof" {*Tele Int-3 Dex+9}
   (You found it on level 7 of the Dungeon)

   [ring of teleportation]

   It may teleport you next to monsters.
   It affects your intelligence (-3).
   It affects your dexterity (+9).
 y - a +2 ring of dexterity (right hand)
 z - a ring of protection from magic (left hand)
 F - an uncursed ring of see invisible
Wands
 t - a wand of acid (0/15)
 v - a wand of iceblast (13/15)
 D - a wand of lightning (9/15)
Scrolls
 a - 2 scrolls of summoning
 f - 4 scrolls of amnesia
 g - 8 scrolls of enchant armour
 h - 15 scrolls of remove curse
 i - 2 scrolls of teleportation
 j - 4 scrolls of recharging
 n - 6 scrolls of immolation
 p - 3 scrolls of enchant weapon
 s - a scroll of torment
 u - 5 scrolls of identify
 x - 2 scrolls of blinking
 A - 2 scrolls of magic mapping
Books
 G - a book of Transfigurations

   Spells                             Type                      Level
   a - Irradiate                      Conjuration/Transmutation    5
   b - Statue Form                    Transmutation/Earth          6
   c - Hydra Form                     Transmutation                6
   d - Dragon Form                    Transmutation                7


   Skills:
 + Level 12.7 Fighting
 + Level 15.3 Axes
 * Level 3.9 Armour
 * Level 2.9 Dodging
 - Level 2.4 Shields
 - Level 5.1 Invocations


You had 10 spell levels left.
You knew the following spells:

 Your Spells              Type           Power        Failure   Level  Hunger
a - Summon Butterflies    Summ           #.......     95%         1    N/A
b - Apportation           Tloc           #.....       95%         1    N/A

Dungeon Overview and Level Annotations

Branches:
Dungeon (13/15)            Temple (1/1) D:5            Lair (5/6) D:8
 Shoals (0/4) Lair:4       Spider (0/4) Lair:2          Orc (1/2) D:10
  Slime: Lair:5-6    Vaults: D:13-14

Altars:
Ashenzari
Cheibriados
Dithmenos
Elyvilon
Fedhas
Gozag
Hepliaklqana
Kikubaaqudgha
Makhleb
Nemelex Xobeh
Okawaru
Qazlal
Ru
Sif Muna
Trog
Uskayaw
Vehumet
Wu Jian
Xom
Yredelemnul
Zin
The Shining One

Shops:
D:5 [   D:7 *

Annotations:
Lair:2 exclusion: downstairs
Lair:3 exclusion: 2 oklob plants


Innate Abilities, Weirdness & Mutations

You do not eat or drink.
Your flesh is vulnerable to fire.
You are immune to poison.
Your flesh is cold resistant. (rC+)
You are immune to negative energy. (rN+++)
You are immune to unholy pain and torment.
You can survive without breathing.
You are in touch with the powers of death.


Message History

You block the eight-headed hydra's attack.
You barely miss the eight-headed hydra.
The eight-headed hydra is moderately wounded.
The eight-headed hydra bites you.
The eight-headed hydra barely misses you.
The eight-headed hydra bites you! x2; The eight-headed hydra bites you.
You block the eight-headed hydra's attack. x3
The eight-headed hydra closely misses you.
The eight-headed hydra bites you.
* * * LOW HITPOINT WARNING * * *
The eight-headed hydra bites you.
* * * LOW HITPOINT WARNING * * *
The eight-headed hydra bites you.
* * * LOW HITPOINT WARNING * * *
The eight-headed hydra bites you!
* * * LOW HITPOINT WARNING * * *
The eight-headed hydra bites you.
* * * LOW HITPOINT WARNING * * *
The eight-headed hydra bites you!
You die...

##.....##...##....##D.
# #......######......
# ### #.....####
.....#. ..#
##....#..####..... ...
##..................
...
#...................
...
##.................
... #.......D.........
... ##.#...#.@.##.!.#
... ##..##...#..#...##
### #.†.............P#
##
#..##...........P#P.
#.
##..........#........
.#.
#...#.............##.
...
#P..##...........##
##. ###.##.#...#.#...#
#. ##...##...###...#
#..


You could see an eight-headed hydra.

Vanquished Creatures
  Rupert (Lair:3)
  Gastronok (Lair:3)
  A stone giant (D:10)
  Snorg (D:10)
  Erolcha (D:10)
  3 hydras
  A centaur warrior (D:13)
  6 death yaks (Lair:5)
  An unseen horror (D:12)
  3 manticores
  An orc sorcerer (D:10)
  A cyclops (D:10)
  2 black mambas (Lair:4)
  6 elephants (Lair:4)
  Joseph (D:10)
  A gargoyle (D:9)
  11 spiny frogs
  2 rime drakes
  3 komodo dragons
  A troll (D:11)
  Grinder (D:3)
  8 blink frogs
  2 jumping spiders (Lair:2)
  4 hippogriffs
  3 redbacks (Lair:2)
  3 hogs
  2 fire bats (Lair:3)
  A vampire (D:11)
  A wraith (D:13)
  A basilisk (D:11)
  11 yaks
  A human (D:7)
  4 vampire mosquitoes (D:12)
  A hungry ghost (D:13)
  Menkaure (D:6)
  2 wargs (D:10)
  A soldier ant (D:11)
  8 water moccasins
  11 porcupines
  6 orc warriors
  3 sky beasts
  3 ice beasts
  A phantom (D:6)
  2 black bears
  5 ogres
  9 wolves
  The ghost of nht the Poker, an amateur MfGl of Nemelex Xobeh (D:3)
  5 centaurs
  7 crocodiles
  A big kobold (D:10)
  14 bullfrogs
  A wyvern zombie (D:9)
  3 scorpions
  5 wights
  2 howler monkeys
  4 electric eels (Lair:3)
  A jelly (D:10)
  7 crimson imps
  4 centaur zombies
  2 bullfrog zombies
  17 orc wizards
  9 orc priests
  8 hounds
  A human zombie (Ossuary)
  3 bullfrog skeletons
  2 centaur skeletons
  2 iguanas (D:6)
  6 worker ants
  A killer bee zombie (D:8)
  A big kobold zombie (Ossuary)
  4 mummies (Ossuary)
  A hound zombie (D:7)
  3 worker ant zombies
  A gnoll (D:9)
  13 adders
  2 shadow imps
  An adder skeleton (D:4)
  5 worms
  5 dart slugs
  7 leopard geckos
  52 orcs
  5 bats
  7 giant cockroaches
  2 gnoll zombies (Ossuary)
  7 goblins
  3 hobgoblins
  12 jackals
  5 quokkas
  A ball python (D:3)
  3 frilled lizards
  2 goblin zombies (Ossuary)
  A hobgoblin zombie (Ossuary)
  2 jackal skeletons
  A jackal zombie (D:6)
  13 kobolds
  A kobold zombie (Ossuary)
  A leopard gecko skeleton (D:8)
  2 leopard gecko zombies (D:7)
  A quokka skeleton (D:4)
  3 rats (D:1)
  3 fungi (Lair:5)
  A plant (Lair:5)
420 creatures vanquished.

Vanquished Creatures (others)
  A bush (Lair:5)
  8 fungi
  4 plants
13 creatures vanquished.

Grand Total: 433 creatures vanquished

Notes
Turn   | Place    | Note
-------+----------+-------------------------------------------
     0 | D:1      | Moloch the Mummy Fighter began the quest for the Orb.
     0 | D:1      | Reached XP level 1. HP: 18/18 MP: 1/1
   148 | D:1      | Reached XP level 2. HP: 21/24 MP: 2/2
   304 | D:1      | Reached skill level 2 in Axes
   629 | D:2      | Found a sparkling altar of Nemelex Xobeh.
   723 | D:2      | Reached XP level 3. HP: 30/30 MP: 3/3
   912 | D:2      | Found an ornate altar of the Wu Jian Council.
  1257 | D:3      | Found an opulent altar of Gozag.
  1332 | D:3      | Noticed nht's ghost (amateur MfGl)
  1847 | D:3      | Reached XP level 4. HP: 35/37 MP: 4/4
  2087 | D:2      | Reached skill level 3 in Axes
  2211 | D:3      | Found a blossoming altar of Fedhas.
  2284 | D:3      | Reached XP level 5. HP: 19/42 MP: 5/5
  2570 | D:4      | Reached skill level 4 in Axes
  2844 | D:4      | Reached XP level 6. HP: 31/49 MP: 6/6
  2867 | D:4      | Found an opulent altar of Gozag.
  2867 | D:4      | Found a basalt altar of Yredelemnul.
  2983 | D:4      | Found a sacrificial altar of Ru.
  3445 | D:3      | Noticed Grinder
  3675 | D:3      | Killed Grinder
  3675 | D:3      | Reached skill level 5 in Axes
  4159 | D:4      | Reached XP level 7. HP: 48/55 MP: 7/7
  4506 | D:5      | Entered Level 5 of the Dungeon
  4550 | D:5      | Reached skill level 5 in Fighting
  4803 | D:5      | Found a staircase to the Ecumenical Temple.
  4812 | Temple   | Entered the Ecumenical Temple
  4921 | Temple   | Became a worshipper of Warmaster Okawaru
  5010 | D:5      | Found Wenomut's Armour Shop.
  5013 | D:5      | Found a shadowy altar of Dithmenos.
  5025 | D:5      | Bought a +1 pair of boots of stealth for 181 gold pieces
  5188 | D:5      | Reached skill level 6 in Axes
  5742 | D:3      | Killed nht's ghost
  5742 | D:3      | Reached * piety under Okawaru
  5742 | D:3      | Reached XP level 8. HP: 43/64 MP: 8/8
  5855 | D:6      | Reached skill level 7 in Axes
  5993 | D:6      | Noticed Menkaure
  6005 | D:6      | Killed Menkaure
  7131 | D:6      | Found a glowing silver altar of Zin.
  7133 | D:6      | Found a hide-covered altar of Uskayaw.
  7135 | D:6      | Found a shattered altar of Ashenzari.
  7285 | D:7      | Reached skill level 8 in Axes
  7377 | D:7      | Reached ** piety under Okawaru
  7578 | D:7      | Found a sand-covered staircase.
  7587 | Ossuary  | Entered an ossuary
  8086 | Ossuary  | Reached XP level 9. HP: 70/71 MP: 9/9
  8181 | D:7      | Found a white marble altar of Elyvilon.
  8199 | D:7      | Found Coezoriv's Assorted Antiques.
  8284 | D:7      | Got a pitted jade ring
  8373 | D:7      | Identified the ring "Pusaof" {*Tele Int-3 Dex+9} (You found it on level 7 of the Dungeon)
  8385 | D:7      | Reached skill level 9 in Axes
  8765 | D:7      | Reached *** piety under Okawaru
  9054 | D:8      | Found a bloodstained altar of Trog.
  9165 | D:8      | Found a staircase to the Lair.
  9420 | D:8      | Reached skill level 1 in Invocations
  9681 | D:7      | Reached skill level 10 in Axes
 10268 | D:9      | Noticed a gargoyle
 10566 | D:9      | Found a stormy altar of Qazlal.
 10798 | D:9      | Killed a gargoyle
 10798 | D:9      | Reached **** piety under Okawaru
 10798 | D:9      | Reached XP level 10. HP: 51/80 MP: 8/11
 11131 | D:10     | Entered Level 10 of the Dungeon
 11131 | D:10     | Noticed Erolcha
 11131 | D:10     | Noticed Joseph
 11198 | Lair:1   | Entered Level 1 of the Lair of Beasts
 11524 | Lair:1   | Identified a scroll of acquirement
 11531 | Lair:1   | Got a pair of polished gloves
 11542 | Lair:1   | Identified the +0 pair of gloves of the Four Tales {Str+2} (You acquired it on level 1 of the Lair of Beasts)
 12348 | Lair:2   | Found a snail-covered altar of Cheibriados.
 12361 | Lair:2   | Reached skill level 11 in Axes
 12787 | Lair:2   | Noticed a spiny frog
 12803 | Lair:2   | Killed a spiny frog
 13057 | Lair:2   | Found a hole to the Spider Nest.
 13064 | Lair:2   | Reached ***** piety under Okawaru
 13098 | Lair:2   | Learned a level 1 spell: Summon Butterflies
 13100 | Lair:2   | Learned a level 1 spell: Apportation
 13584 | Lair:3   | Noticed Gastronok
 13584 | Lair:3   | Noticed a five-headed hydra
 13624 | Lair:3   | Noticed an oklob plant
 13624 | Lair:3   | Noticed a spiny frog
 13624 | Lair:3   | Noticed an oklob plant
 13624 | Lair:3   | Noticed a spiny frog
 13875 | Lair:3   | Reached XP level 11. HP: 79/89 MP: 13/13
 13943 | Lair:3   | Noticed Rupert
 13943 | Lair:3   | Noticed a five-headed hydra
 13944 | Lair:3   | Paralysed by Rupert for 7 turns
 14178 | Lair:2   | Killed a five-headed hydra
 14178 | Lair:2   | Received a gift from Okawaru
 14178 | Lair:2   | Reached skill level 12 in Axes
 14182 | Lair:2   | Got an ichor-stained cloak {god gift}
 14188 | Lair:2   | Identified the +1 cloak of the Rabble {MR+ Regen+ Dex+3} (Okawaru gifted it to you on level 2 of the Lair of Beasts)
 14265 | D:10     | Noticed Snorg
 14308 | D:10     | Killed Joseph
 14333 | D:10     | Killed Erolcha
 14465 | D:10     | Killed Snorg
 14773 | D:10     | Reached skill level 10 in Fighting
 14812 | D:10     | Found a staircase to the Orcish Mines.
 14928 | Orc:1    | Entered Level 1 of the Orcish Mines
 14928 | Orc:1    | Noticed an orc sorcerer
 14930 | Orc:1    | Noticed a sixfirhy
 14934 | Orc:1    | Noticed a stone giant
 14946 | D:10     | Killed an orc sorcerer
 15017 | D:10     | Killed a stone giant
 15250 | Orc:1    | Noticed a deep elf mage
 15250 | Orc:1    | Noticed a deep elf mage
 15250 | Orc:1    | Noticed a deep elf mage
 15251 | Orc:1    | Noticed a deep elf mage
 15252 | Orc:1    | Noticed a deep elf mage
 15252 | Orc:1    | Noticed a deep elf mage
 15319 | D:11     | Reached skill level 13 in Axes
 15355 | D:11     | Reached skill level 5 in Invocations
 15447 | D:11     | Reached ****** piety under Okawaru
 15698 | D:11     | Reached XP level 12. HP: 81/98 MP: 15/15
 16025 | D:12     | Received a gift from Okawaru
 16113 | D:12     | Noticed a five-headed hydra
 16131 | D:12     | Killed a five-headed hydra
 16623 | D:13     | Noticed a centaur warrior
 16628 | D:13     | Killed a centaur warrior
 16649 | D:13     | Found a shattered altar of Ashenzari.
 16653 | D:13     | Found an opulent altar of Gozag.
 16653 | D:13     | Noticed a storm dragon
 16985 | Lair:3   | Killed Rupert
 16985 | Lair:3   | Received a gift from Okawaru
 16985 | Lair:3   | Reached skill level 14 in Axes
 17136 | Lair:3   | Killed Gastronok
 17922 | Lair:3   | Gained mutation: You are in touch with the powers of death. [Mummy growth]
 17922 | Lair:3   | Reached XP level 13. HP: 89/108 MP: 16/16
 18477 | Lair:4   | Received a gift from Okawaru
 18485 | Lair:4   | Reached skill level 1 in Dodging
 18673 | Lair:4   | Reached skill level 15 in Axes
 18852 | Lair:4   | Found a staircase to the Shoals.
 19390 | Lair:5   | Received a gift from Okawaru
 19487 | Lair:5   | Got a pair of brightly glowing gloves {god gift}
 19498 | Lair:5   | Identified the +0 pair of gloves "Fiurupt" {Int+2} (Okawaru gifted it to you on level 5 of the Lair of Beasts)
 19688 | Lair:5   | Slain by an eight-headed hydra

Vault maps used:
D:1:      dpeg_cavernosity, kennysheep_flooded_box
D:2:      lemuel_round_altar, old_standard_altar, first_bread,
          minmay_misc_feat_more_columns
D:3:      fedhas_altar_fruit_tree, nicolae_gozag_seed_capital, uniq_grinder
D:4:      marbit_many_paths, gammafunk_temple_overflow_wave
D:5:      lemuel_doored_altar, minmay_temple_entry_junction, serial_shops, shop
D:6:      grunt_temple_overflow_diamond, gup_sewer_entry_glass, uniq_menkaure
D:7:      nicolae_overflow_hidden_temple, serial_shops, shop,
          nicolae_ossuary_entry_monument, minmay_misc_feat_alley,
          serial_bayou_lagoon_a, grunt_livestock, kennysheep_potato
D:8:      bloody_trog, dpeg_oklobed_lair
D:9:      kennysheep_blocky_room, grunt_qazlal_sundering
D:10:     minmay_orc_entry_guard_dogs, uniq_snorg, uniq_erolcha, uniq_joseph
D:13:     david_vaults_1, jmf_multi_god_temple
Temple:   nicolae_temple_figure_zero
Lair:1:   minivault_27, grunt_megastairs_2
Lair:2:   nicolae_spider_entry_tight_spaces, basic_altar, serial_bayou_lake_a,
          serial_bayou_shore_b
Lair:3:   serial_bayou_ford_a, infiniplex_staircase_pool_2,
          serial_bayou_shore_b, minmay_lair_oklob_chamber, uniq_gastronok,
          uniq_rupert
Lair:4:   minmay_shoals_entry_beasts
Lair:5:   serial_bayou_pond_a
Orc:1:    elves_outpost_lemuel
Ossuary:  ossuary_crypta

Skill      XL: |  1  2  3  4  5  6  7  8  9 10 11 12 13 |
---------------+----------------------------------------+-----
Axes           | 2 3 4 5 6 8 10 11 13 14 15 | 15.3
Fighting       | 4 5 6 7 9 10 12 | 12.7
Invocations    | 2 3 5 |  5.1
Dodging        | 2 |  2.9
Armour         | 3 |  3.9
Shields        | |  2.4

Action                   |  1- 3 |  4- 6 |  7- 9 | 10-12 | 13-15 || total
-------------------------+-------+-------+-------+-------+-------++-------
Melee: War axe           |   124 |   178 |   634 |   518 |       ||  1454
       Morningstar       |       |       |       |    16 |    19 ||    35
       Broad axe         |       |       |       |   147 |   200 ||   347
Invok: Heroism           |       |       |     1 |    18 |     5 ||    24
       Finesse           |       |       |       |     3 |     1 ||     4
Evoke: Wand              |       |       |       |    21 |       ||    21
  Use: Scroll            |       |       |    12 |    11 |       ||    23
 Stab: Sleeping          |       |       |       |     6 |     2 ||     8
       Distracted        |       |       |       |       |     1 ||     1
Armor: Scale mail        |    59 |    44 |       |       |       ||   103
       Chain mail        |       |     8 |   256 |   148 |       ||   412
       Troll leather arm |       |       |       |   165 |    59 ||   224
Dodge: Dodged            |    46 |    41 |    75 |   209 |    82 ||   453
Block: Shield            |    70 |    78 |   257 |   311 |    96 ||   812

Table legend:
 A = Spawn XP
 B = Non-spawn XP
 C = Spawn XP percentage of total XP
 D = Spawn monster count
 E = Non-spawn monster count
 F = Spawn count percentage of total count
 G = Total turns spent on level
                    A         B        C        D         E        F      G
               +---------+---------+-------+---------+---------+-------+---------
         Total |       0 |   57447 |   0.0 |       0 |     416 |   0.0 | 19688
               +---------+---------+-------+---------+---------+-------+---------
           D:1 |       0 |      39 |   0.0 |       0 |      19 |   0.0 |   628
           D:2 |       0 |      71 |   0.0 |       0 |      15 |   0.0 |  1615
           D:3 |       0 |     546 |   0.0 |       0 |      40 |   0.0 |  1337
           D:4 |       0 |     251 |   0.0 |       0 |      20 |   0.0 |  1053
           D:5 |       0 |     530 |   0.0 |       0 |      16 |   0.0 |  1046
           D:6 |       0 |     953 |   0.0 |       0 |      23 |   0.0 |  1715
           D:7 |       0 |    1788 |   0.0 |       0 |      22 |   0.0 |  1110
           D:8 |       0 |     387 |   0.0 |       0 |      14 |   0.0 |  1293
           D:9 |       0 |     993 |   0.0 |       0 |      14 |   0.0 |   813
          D:10 |       0 |    6755 |   0.0 |       0 |      33 |   0.0 |   760
          D:11 |       0 |    2439 |   0.0 |       0 |      21 |   0.0 |   619
          D:12 |       0 |    5225 |   0.0 |       0 |      27 |   0.0 |   688
          D:13 |       0 |    1591 |   0.0 |       0 |       6 |   0.0 |    87
        Lair:1 |       0 |    1105 |   0.0 |       0 |       9 |   0.0 |  1190
        Lair:2 |       0 |    4940 |   0.0 |       0 |      23 |   0.0 |  1894
        Lair:3 |       0 |    9510 |   0.0 |       0 |      23 |   0.0 |  1438
        Lair:4 |       0 |   10298 |   0.0 |       0 |      35 |   0.0 |   865
        Lair:5 |       0 |    8864 |   0.0 |       0 |      17 |   0.0 |   611
         Orc:1 |       0 |    1014 |   0.0 |       0 |      27 |   0.0 |   274
       Ossuary |       0 |     148 |   0.0 |       0 |      12 |   0.0 |   532
               +---------+---------+-------+---------+---------+-------+---------
